 Dungeon Crawl Stone Soup version 0.29-a0-337-g68df138881 (webtiles) character file.

Game seed: 12038083237476624561

703 quinnr the Zephyrmancer (level 7, 0/40 HPs)
             Began as a Tengu Air Elementalist on Apr 16, 2022.
             Slain by Duvessa
             ... wielding a +0 short sword
              (20 damage)
             ... on level 4 of the Dungeon.
             The game lasted 00:12:29 (6918 turns).

quinnr the Zephyrmancer (Tengu Air Elementalist)    Turns: 6918, Time: 00:12:30

Health: 0/40       AC:  3    Str:  9    XL:     7   Next: 66%
Magic:  9/13       EV: 18    Int: 17    God:
Gold:   233        SH:  0    Dex: 14    Spells: 6/13 levels left

rFire   + . .      SeeInvis .   g - +1 dagger (venom)
rCold   . . .      Faith    .   t - orb {*Rage}
rNeg    . . .      Spirit   .   m - +0 robe {rF+}
rPois   +          Reflect  .   (helmet restricted)
rElec   .          Harm     .   e - +0 cloak
rCorr   .          Rampage  .   (no gloves)
Will    .....      Rage     20% (boots unavailable)
Stlth   ++........              (no amulet)
HPRegen 0.13/turn               n - +4 ring of evasion
MPRegen 0.13/turn               v - ring of poison resistance

@: flying quickly and evasively, quick
A: beak, talons 3, nimble flight
a: no special abilities


You were on level 4 of the Dungeon.
You visited 1 branch of the dungeon, and saw 5 of its levels.
You also visited: Sewer.

You collected 233 gold pieces.

Inventory:

Hand Weapons
 g - a +1 dagger of venom (weapon)
Missiles
 k - 5 curare-tipped darts
 y - 12 poisoned darts
 B - 6 datura-tipped darts
Armour
 a - a +0 robe
 e - a +0 cloak (worn)
 m - a +0 robe of fire resistance (worn)
 t - an orb of wrath (worn)
Jewellery
 n - a +4 ring of evasion (left hand)
 u - a ring of see invisible
 v - a ring of poison resistance (right hand)
Wands
 r - a wand of flame (24)
Scrolls
 c - 2 scrolls of immolation {unknown}
 d - a scroll of noise {unknown}
 f - 7 scrolls of identify {unknown}
 h - 3 scrolls of teleportation
 i - 2 scrolls of enchant weapon {unknown}
 j - 5 scrolls of enchant armour {unknown}
 o - a scroll of amnesia {unknown}
 p - a scroll of fog {unknown}
 q - 2 scrolls of fear {unknown}
 z - 2 scrolls of vulnerability {unknown}
 A - a scroll of acquirement {unknown}
Potions
 b - a potion of magic
 l - a potion of invisibility {unknown}
 s - a potion of lignification {unknown}
 w - 2 potions of heal wounds {unknown}
 x - 2 potions of degeneration {unknown}


   Skills:
 + Level 2.9 Fighting
 - Level 2.1 Dodging
 - Level 3.0 Stealth
 + Level 3.8 Spellcasting
 - Level 2.0 Conjurations
 - Level 9.0 Air Magic


You had 6 spell levels left.
You knew the following spells:

 Your Spells              Type           Power      Damage    Failure   Level
a - Shock                 Conj/Air       84%        1d8       1%          1
b - Static Discharge      Conj/Air       21%        N/A       2%          2
c - Airstrike             Air            16%        N/A       4%          4

Your spell library contained the following spells:

 Spells                   Type           Power      Damage    Failure   Level
 Swiftness                Air            33%        N/A       1%          3
 Animate Skeleton         Necr           6%         N/A       16%         1
 Apportation              Tloc           6%         N/A       16%         1
 Summon Small Mammal      Summ           12%        N/A       16%         1
 Conjure Flame            Conj/Fire      6%         6-21      32%         3
 Ignite Poison            Fire/Tmut/Pois 3%         N/A       43%         3
 Sticky Flame             Conj/Fire      6%         2d3       71%         4


Dungeon Overview and Level Annotations

Branches:
Dungeon (5/15)              Sewer (visited)
 Temple: D:4-7

Altars:
Kikubaaqudgha
Wu Jian
Xom
Zin

Shops:
D:2 *:

Annotations:
D:1 2 transporters
D:4 Duvessa


Innate Abilities, Weirdness & Mutations

You have a beak for a mouth.
You have claws for feet.
Your magical nature lets you fly swiftly and evasively.


Message History

The angel lectures its feet at length about purity of body and mind.
The angel rambles incoherently. x2
The angel stares off into space for a moment. x3
The angel lectures the ground at length about the eternal Law.
The angel barely misses itself.
The angel hits itself with a +3 whip of holy wrath.
The angel hits itself with a +3 whip of holy wrath!
The angel barely misses itself.
You start resting.
The angel stares off into space for a moment.
Magic restored.
The angel stares off into space for a moment.
There is a stone staircase leading down, spattered with blood here.
You see here a hound skeleton.
You fly downwards.
Level annotation: Duvessa Duvessa completely misses you.
Duvessa hits you with a +0 short sword.
There is a stone staircase leading up here.
Duvessa hits you with a +0 short sword. Duvessa completely misses you.
You fly upwards.
There is a stone staircase leading down, spattered with blood here.
You see here a hound skeleton.
Unknown command.
You completely miss Duvessa. Your kick misses Duvessa.
Duvessa hits you with a +0 short sword.
You barely miss Duvessa. Duvessa barely misses you.
Duvessa hits you with a +0 short sword!
You hit Duvessa but do no damage. You claw Duvessa, but do no damage.
Duvessa closely misses you.
Casting: Airstrike (dangerous; 4% risk of failure)
Confirm with . or Enter, or press ? or * to list all spells.
Aiming: Airstrike (dangerous; 4% risk of failure)
Press: ? - help, Dir - move target, f - Duvessa
Aim: Duvessa, wielding a +0 short sword and wearing a +0 chain mail (berserk, empty space bonus: 7/8)
The air twists around and strikes Duvessa!
Duvessa is moderately wounded.
Duvessa closely misses you.
Duvessa hits you with a +0 short sword!!
Ouch! That really hurt!
You die...

..# #..#####...# ..#
##..#...#...# ..#
#######...#A..#...# ..#
#.........#...#...#### ..#
#.........#####......## ..#
#..........._.........## ..#
#......................# ..##
#...........รท..........#
>..###..........@...........#
........<........e..........#
.########.#.#..........)....#
.## ###.###............## ..#
##8...8##..........## #.##
#.......###.#<######
#..####8..._...8#....#
##....##.......####.##
....##.##8...8## #.#


You could see an angel (confused) and Duvessa (berserk).

Vanquished Creatures
  Grinder (D:4)
  Dowan (D:5)
  2 hounds (D:4)
  3 orc priests
  Terence (D:2)
  A merfolk siren (Sewer)
  A merfolk avatar (Sewer)
  3 gnolls (D:5)
  6 adders
  A river rat (Sewer)
  4 worms
  3 dart slugs (D:1)
  9 orcs
  6 endoplasms
  6 giant cockroaches
  9 goblins
  7 hobgoblins
  11 jackals
  4 quokkas
  13 ball pythons
  3 bats (D:3)
  6 frilled lizards
  2 kobolds
  28 rats
131 creatures vanquished.

Notes
Turn   | Place    | Note
-------+----------+-------------------------------------------
     0 | D:1      | quinnr the Tengu Air Elementalist began the quest for the
                  | Orb.
     0 | D:1      | Reached XP level 1. HP: 10/10 MP: 4/4
     0 | D:1      | quinnr: !lg TeAE -log won
     0 | D:1      | beem: No games for TeAE (won).
     0 | D:1      | quinnr: !lg TeAE -log
     0 | D:1      | beem: No games for TeAE.
     0 | D:1      | quinnr: !lg * TeAE won -log
     0 | D:1      | beem: 517. freelancePsychic, XL26 TeAE, T:77409:
                  | https://cbro.berotato.org/morgue/freelancePsychic/morgue-fr
                  | eelancePsychic-20220413-170435.txt
     0 | D:1      | quinnr: !lg * TeAE won -log -2
     0 | D:1      | beem: 516/517. poopantslio, XL27 TeAE, T:168057:
                  | https://crawl.kelbi.org/crawl/morgue/poopantslio/morgue-poo
                  | pantslio-20220410-203201.txt
   331 | D:1      | Reached XP level 2. HP: 15/15 MP: 4/6
  1043 | D:1      | Reached skill level 5 in Air Magic
  1398 | D:1      | Reached XP level 3. HP: 19/19 MP: 1/7
  1509 | D:1      | Found a faded altar of an unknown god.
  1919 | D:2      | Found Fataghat's Book Shop.
  2241 | D:2      | Noticed Terence
  2254 | D:2      | Killed Terence
  2255 | D:2      | Reached skill level 1 in Fighting
  2255 | D:2      | Reached skill level 6 in Air Magic
  2255 | D:2      | Reached XP level 4. HP: 18/25 MP: 0/8
  2449 | D:2      | Found Dyitaddi's Assorted Antiques.
  3123 | D:3      | Reached skill level 7 in Air Magic
  3123 | D:3      | Gained mutation: Your magical nature lets you fly swiftly
                  | and evasively. [Tengu growth]
  3123 | D:3      | Reached XP level 5. HP: 11/29 MP: 2/9
  4101 | D:3      | Learned a level 2 spell: Static Discharge
  4106 | D:3      | Learned a level 4 spell: Airstrike
  4200 | D:4      | Noticed an angel
  4201 | D:4      | Found a glowing silver altar of Zin.
  4201 | D:4      | Found an ornate altar of the Wu Jian Council.
  4218 | D:4      | Found a shimmering altar of Xom.
  4235 | D:4      | Found a glowing drain.
  4289 | Sewer    | Entered a sewer
  5161 | Sewer    | Reached XP level 6. HP: 34/34 MP: 6/10
  5595 | D:4      | Reached skill level 8 in Air Magic
  5896 | D:4      | Found an ancient bone altar of Kikubaaqudgha.
  5911 | D:4      | Noticed Grinder
  5921 | D:4      | Killed Grinder
  5922 | D:4      | Reached XP level 7. HP: 39/39 MP: 1/12
  6264 | D:4      | Reached skill level 9 in Air Magic
  6557 | D:5      | Entered Level 5 of the Dungeon
  6837 | D:5      | Noticed Duvessa
  6840 | D:5      | Noticed Dowan
  6844 | D:5      | Killed Dowan
  6918 | D:4      | Slain by Duvessa

Illustrated notes

Levels and vault maps discovered:
D:1:      spicycebolla_arrival_teleporter_tutorial, layout_loops_ring,
          serial_aquarium, aquarium_bridge_straight [aquarium_subvault_bridge,
          aquarium_subvault_window, aquarium_subvault_bridge,
          aquarium_subvault_balcony], aquarium_bridge_island_small
          [aquarium_subvault_small_open, aquarium_subvault_bridge,
          aquarium_subvault_balcony, aquarium_subvault_bridge,
          aquarium_subvault_bridge], aquarium_window_1, aquarium_window_1,
          aquarium_window_corridor_3, aquarium_view_2e, aquarium_view_2g,
          aquarium_balcony_double_4, aquarium_pool_1,
          chequers_ecumenical_altar_grove, minmay_misc_feat_columns,
          fountainhead
D:2:      layout_basic, serial_shops, shop, shop, hangedman_feature_mirror,
          uniq_terence
D:3:      layout_basic
D:4:      layout_rooms, nzn_wu_jian_council_hall,
          mainiacjoe_overflow_six_doors_small,
          grunt_temple_overflow_order_and_chaos_1, cheibrodos_sewer_entry_bend,
          chequers_serial_rivers_micro_c, minmay_circle_x, uniq_grinder
D:5:      layout_cave_pods, okawaru_metal_pillars_3,
          minmay_temple_entry_drinking_statues, uniq_duvessa

Skill      XL: |  1  2  3  4  5  6  7 |
---------------+----------------------+-----
Conjurations   | 2 |  2.0
Air Magic      | 5 6 7 8 9 |  9.0
Fighting       | 1 2 |  2.9
Stealth        | 3 |  3.0
Spellcasting   | 3 |  3.8
Dodging        | |  2.1

Action                   |  1- 3 |  4- 6 |  7- 9 || total
-------------------------+-------+-------+-------++-------
Melee: Dagger            |     2 |    11 |    17 ||    30
       Peck              |     2 |     1 |     3 ||     6
       Kick              |       |       |     4 ||     4
 Cast: Shock             |    67 |   139 |    38 ||   244
       Static Discharge  |       |     3 |       ||     3
       Airstrike         |       |     5 |     4 ||     9
Evoke: Wand              |       |     1 |       ||     1
Armor: Robe              |     2 |     4 |     5 ||    11
Dodge: Dodged            |    11 |    34 |    29 ||    74

Table legend: (Time is in decaauts)
 A = Elapsed time spent in this place.
 B = Non-inter-level travel time spent in this place.
 C = Inter-level travel time spent in this place.
 D = Time resting spent in this place.
 E = Time spent auto-exploring this place.
 F = Levels seen in this place.
 G = Mean time per level.
                   A        B        C        D        E       F      G
               +--------+--------+--------+--------+--------+-----+--------+
         Total |   6823 |   6687 |    136 |   1654 |   4268 |   6 | 1137.2 |
       Dungeon |   5636 |   5500 |    136 |   1313 |   3551 |   5 | 1127.2 |
         Sewer |   1187 |   1187 |      0 |    341 |    716 |   1 | 1187.0 |
               +--------+--------+--------+--------+--------+-----+--------+

Top non-repeatable levels by time:
     D:1: 1917 daAuts
     D:4: 1476 daAuts
     D:3: 1198 daAuts
   Sewer: 1187 daAuts
     D:2: 1009 daAuts
     D:5: 34 daAuts
